MLB
NEW YORK METS @ COLORADO ROCKIES
09/17/2019
 
TOP OF THE 1ST
New York Mets batting - Pitching for Colorado Rockies : LHP Gabriel Moya
Pitching: LHP Gabriel Moya
Batting: RHB Steve Pearce 0-0: Fly out, F6 (Popup, 6, EV 74.4 MPH)
Batting: LHB Eddie Rosario 0-0: Foul Ball, location: 2F
0-1: Called Strike
0-2: Foul Ball, location: 2F
0-2: DOUBLE (Flyball, 89XD, EV 95.6 MPH)
Batting: LHB Scott Schebler 0-0: Called Strike
0-1: Ball
1-1: SINGLE (Groundball, 3D, EV 95.6 MPH)
Eddie Rosario to third
Batting: LHB Mike Moustakas 0-0: Ball
1-0: Ball
2-0: Foul Ball, location: 2F
2-1: Ball
3-1: Fly out, F9 (Flyball, 9LM, EV 83.1 MPH)
Runner from 3rd tags up, SCORES, no throw by RF
Batting: RHB Starlin Castro 0-0: Fly out, F8 (Flyball, 78S, EV 86.3 MPH)
Top of the 1st over - 1 run, 2 hits, 0 errors, 1 left on base; New York 1 - Colorado 0
BOTTOM OF THE 1ST
Colorado Rockies batting - Pitching for New York Mets : RHP Jack Flaherty
Pitching: RHP Jack Flaherty
Batting: RHB Anthony Alford 0-0: Ball
1-0: Ball
2-0: Foul Ball, location: 2F
2-1: SINGLE (Flyball, 8RS, EV 93.8 MPH)
Batting: SHB Victor Reyes 0-0: Ball
1-0: Called Strike
Anthony Alford steals 2nd base
1-1: Ball
2-1: Ball
3-1: Ground out 6-3 (Groundball, 56, EV 86.9 MPH)
Batting: RHB Marty Herum 0-0: Ball
1-0: Called Strike
Anthony Alford steals 3rd base
1-1: Ball
2-1: Foul Ball, location: 2F
2-2: Strikes out swinging
Batting: LHB Tommy La Stella 0-0: Ground out 3-1 (Groundball, 34, EV 88.1 MPH)
Bottom of the 1st over - 0 runs, 1 hit, 0 errors, 1 left on base; New York 1 - Colorado 0
TOP OF THE 2ND
New York Mets batting - Pitching for Colorado Rockies : LHP Gabriel Moya
Batting: RHB Salvador Perez 0-0: Ball
1-0: Ball
2-0: Foul Ball, location: 2F
2-1: Foul Ball, location: 2F
2-2: Foul Ball, location: 2F
2-2: Ball
3-2: SINGLE (Groundball, 56D, EV 96.9 MPH)
Batting: LHB Travis Shaw 0-0: Foul Ball, location: 2F
0-1: Ball
1-1: Ball
2-1: Swinging Strike
2-2: Foul Ball, location: 2F
2-2: Ball
3-2: Foul Ball, location: 2F
3-2: Base on Balls
Salvador Perez to second
Pitching: LHP Austin R. Davis
Batting: SHB Ehire Adrianza 0-0: Ball
1-0: Grounds into double play, 6-4-3 (Groundball, 6, EV 83.1 MPH)
Salvador Perez to third
Batting: RHB Jack Flaherty 0-0: Called Strike
0-1: Swinging Strike
0-2: Ball
1-2: Foul Ball, location: 2F
1-2: Strikes out looking
Top of the 2nd over - 0 runs, 1 hit, 0 errors, 1 left on base; New York 1 - Colorado 0
BOTTOM OF THE 2ND
Colorado Rockies batting - Pitching for New York Mets : RHP Jack Flaherty
Batting: RHB Sean Rodriguez 0-0: Foul Ball, location: 2F
0-1: Fly out, F9 (Flyball, 9LS, EV 89.4 MPH)
Batting: RHB JaCoby Jones 0-0: Foul Ball, location: 2F
0-1: Called Strike
0-2: Ball
1-2: Ball
2-2: Ball
3-2: Strikes out swinging, 2-3 out at first.
Batting: RHB Joe DeCarlo 0-0: Ball
1-0: Ball
2-0: Ball
3-0: Base on Balls
Batting: LHB Nick Ciuffo 0-0: Ball
1-0: Called Strike
1-1: SINGLE (Line Drive, 6M, EV 106.3 MPH)
Joe DeCarlo to second
Batting: LHB Austin R. Davis 0-0: Ball
1-0: Ball
2-0: Called Strike
2-1: Foul Ball, location: 2F
2-2: Foul Ball, location: 2F
2-2: Foul Ball, location: 2F
2-2: Strikes out swinging
Bottom of the 2nd over - 0 runs, 1 hit, 0 errors, 2 left on base; New York 1 - Colorado 0
TOP OF THE 3RD
New York Mets batting - Pitching for Colorado Rockies : LHP Austin R. Davis
Batting: RHB Steve Pearce 0-0: Ball
1-0: Ball
2-0: Ball
3-0: Base on Balls
Batting: LHB Eddie Rosario 0-0: Called Strike
0-1: Foul Ball, location: 2F
0-2: Strikes out swinging
Batting: LHB Scott Schebler 0-0: Called Strike
0-1: Ball
1-1: Ball
Wild Pitch!
Steve Pearce to second
2-1: Fly out, F6 (Flyball, 6D, EV 93.8 MPH)
Batting: LHB Mike Moustakas 0-0: Ball
1-0: Called Strike
1-1: Ground out 3-1 (Groundball, 34, EV 86.3 MPH)
Top of the 3rd over - 0 runs, 0 hits, 0 errors, 1 left on base; New York 1 - Colorado 0
BOTTOM OF THE 3RD
Colorado Rockies batting - Pitching for New York Mets : RHP Jack Flaherty
Batting: RHB Anthony Alford 0-0: Ball
1-0: Swinging Strike
1-1: Hit by Pitch
Batting: SHB Victor Reyes 0-0: Called Strike
0-1: Foul Ball, location: 2F
0-2: Foul Ball, location: 2F
0-2: Ball
1-2: Strikes out swinging
Anthony Alford steals 2nd base
Batter strikes out.
Batting: RHB Marty Herum 0-0: Foul Ball, location: 2F
0-1: Foul Ball, location: 2F
0-2: Ball
1-2: Ball
2-2: Strikes out swinging
Batting: LHB Tommy La Stella 0-0: Ball
1-0: Ball
Wild Pitch!
Anthony Alford to third
2-0: Called Strike
2-1: Foul Ball, location: 2F
2-2: Strikes out looking
Bottom of the 3rd over - 0 runs, 0 hits, 0 errors, 1 left on base; New York 1 - Colorado 0
TOP OF THE 4TH
New York Mets batting - Pitching for Colorado Rockies : LHP Austin R. Davis
Pitching: RHP Jon Harris
Batting: RHB Starlin Castro 0-0: Called Strike
0-1: Ball
1-1: Ball
2-1: Reached on error, E6 (Groundball, 6, EV 80.0 MPH)
Batting: RHB Salvador Perez 0-0: Sac Bunt to 23 - play at first, batter OUT! 3-4
Starlin Castro to third
Batting: LHB Travis Shaw 0-0: Ball
1-0: Ball
2-0: Called Strike
2-1: Swinging Strike
2-2: Ball
3-2: Fly out, F8 (Line Drive, 8LD, EV 100.6 MPH)
Runner from 3rd tags up, SCORES, throw by CF
Batting: SHB Ehire Adrianza 0-0: Foul Ball, location: 2F
0-1: Ball
1-1: Called Strike
1-2: Ball
2-2: Foul Ball, location: 2F
2-2: SINGLE (Groundball, 6D, EV 95.0 MPH)
Batting: RHB Jack Flaherty 0-0: Ground out 6-3 (Groundball, 4MS, EV 65.6 MPH)
Top of the 4th over - 1 run, 1 hit, 1 error, 1 left on base; New York 2 - Colorado 0
BOTTOM OF THE 4TH
Colorado Rockies batting - Pitching for New York Mets : RHP Jack Flaherty
Batting: RHB Sean Rodriguez 0-0: Called Strike
0-1: Ball
1-1: Foul Ball, location: 2F
1-2: Strikes out swinging
Batting: RHB JaCoby Jones 0-0: Foul Ball, location: 2F
0-1: Called Strike
0-2: Ball
1-2: Strikes out swinging
Batting: RHB Joe DeCarlo 0-0: Called Strike
0-1: DOUBLE (Flyball, 78D, EV 85.6 MPH)
Batting: LHB Nick Ciuffo 0-0: Swinging Strike
0-1: Ball
1-1: Ball
2-1: Swinging Strike
2-2: Foul Ball, location: 2F
2-2: Strikes out swinging
Bottom of the 4th over - 0 runs, 1 hit, 0 errors, 1 left on base; New York 2 - Colorado 0
TOP OF THE 5TH
New York Mets batting - Pitching for Colorado Rockies : RHP Jon Harris
Batting: RHB Steve Pearce 0-0: Called Strike
0-1: Foul Ball, location: 2F
0-2: Foul Ball, location: 2F
0-2: Ball
1-2: DOUBLE (Flyball, 78D, EV 93.8 MPH)
Pitching: LHP Jeffrey Springs
Pinch Runner at 2nd Nick Ahmed:
Batting: LHB Eddie Rosario 0-0: Called Strike
0-1: Sac Bunt to P - play at first, batter OUT! 1-3
Nick Ahmed to third
Batting: LHB Scott Schebler 0-0: Ball
1-0: Swinging Strike
1-1: Swinging Strike
1-2: Strikes out swinging
Batting: LHB Mike Moustakas 0-0: Intentional Walk
Batting: RHB Starlin Castro 0-0: Foul Ball, location: 2F
0-1: Ball
1-1: Foul Ball, location: 2F
1-2: Ground out 5-3 (Groundball, 56S, EV 85.0 MPH)
Top of the 5th over - 0 runs, 1 hit, 0 errors, 2 left on base; New York 2 - Colorado 0
BOTTOM OF THE 5TH
Colorado Rockies batting - Pitching for New York Mets : RHP Jack Flaherty
Now in CF: Ian Happ
Batting: LHB Jeffrey Springs 0-0: Called Strike
0-1: Swinging Strike
0-2: Ball
1-2: Foul Ball, location: 2F
1-2: Ball
2-2: Strikes out swinging
Batting: RHB Anthony Alford 0-0: Swinging Strike
0-1: Called Strike
0-2: Ball
1-2: Strikes out swinging
Batting: SHB Victor Reyes 0-0: TRIPLE (Flyball, 78XD, EV 94.4 MPH)
Batting: RHB Marty Herum 0-0: Ball
1-0: Ball
2-0: Ball
3-0: Base on Balls
Batting: LHB Tommy La Stella 0-0: Ball
1-0: Ball
2-0: Swinging Strike
2-1: Ball
3-1: Foul Ball, location: 2F
3-2: Strikes out swinging
Bottom of the 5th over - 0 runs, 1 hit, 0 errors, 2 left on base; New York 2 - Colorado 0
TOP OF THE 6TH
New York Mets batting - Pitching for Colorado Rockies : LHP Jeffrey Springs
Batting: RHB Salvador Perez 0-0: Ball
1-0: Ball
2-0: Called Strike
2-1: Foul Ball, location: 2F
2-2: Ball
3-2: Strikes out swinging
Pitching: RHP Rafael De Paula
Batting: LHB Travis Shaw 0-0: Called Strike
0-1: Foul Ball, location: 2F
0-2: Ball
1-2: Foul Ball, location: 2F
1-2: Strikes out swinging
Batting: SHB Ehire Adrianza 0-0: Ball
1-0: DOUBLE (Line Drive, 89D, EV 115.0 MPH)
Batting: RHB Jack Flaherty 0-0: Ball
1-0: Called Strike
1-1: Swinging Strike
1-2: Ball
2-2: Strikes out looking
Top of the 6th over - 0 runs, 1 hit, 0 errors, 1 left on base; New York 2 - Colorado 0
BOTTOM OF THE 6TH
Colorado Rockies batting - Pitching for New York Mets : RHP Jack Flaherty
Pitching: RHP Josh Fields
Batting: RHB Sean Rodriguez 0-0: Ball
1-0: Foul Ball, location: 2F
1-1: Ball
2-1: Foul Ball, location: 2F
2-2: Fly out, F8 (Flyball, 89S, EV 88.1 MPH)
Batting: RHB JaCoby Jones 0-0: Ground out 5-3 (Groundball, 56, EV 83.1 MPH)
Batting: RHB Joe DeCarlo 0-0: Foul Ball, location: 2F
0-1: DOUBLE (Line Drive, 9LM, EV 113.1 MPH)
Pinch Runner at 2nd Luis Sardinas:
Batting: LHB Nick Ciuffo 0-0: Ball
1-0: Ball
2-0: Foul Ball, location: 2F
2-1: SINGLE (Groundball, 34D, EV 95.6 MPH)
Luis Sardinas to third
Runner from 3rd tries for Home, SAFE, throw by RF to home
Batting: RHB Rafael De Paula 0-0: Called Strike
0-1: Fly out, F8 (Flyball, 8RS, EV 96.9 MPH)
Bottom of the 6th over - 1 run, 2 hits, 0 errors, 1 left on base; New York 2 - Colorado 1
TOP OF THE 7TH
New York Mets batting - Pitching for Colorado Rockies : RHP Rafael De Paula
Now at 2B: Luis Sardinas
Batting: SHB Ian Happ 0-0: Ball
1-0: Called Strike
1-1: Ball
2-1: Called Strike
2-2: Foul Ball, location: 2F
2-2: Strikes out looking
Batting: LHB Eddie Rosario 0-0: Swinging Strike
0-1: Ball
1-1: Ball
2-1: Ball
3-1: Base on Balls
Batting: LHB Scott Schebler 0-0: Ball
1-0: Ball
2-0: 2-RUN HOME RUN (Flyball, 89XD, EV 99.4 MPH), Distance : 397 ft
Batting: LHB Mike Moustakas 0-0: Fly out, F7 (Flyball, 7D, EV 96.3 MPH)
Batting: RHB Starlin Castro 0-0: Called Strike
0-1: SINGLE (Groundball, 56D, EV 98.8 MPH)
Batting: RHB Salvador Perez 0-0: SINGLE (Line Drive, 8LS, EV 101.3 MPH)
Starlin Castro to second
Batting: LHB Travis Shaw 0-0: Called Strike
0-1: Foul Ball, location: 2F
0-2: Ball
1-2: Foul Ball, location: 2F
1-2: Ball
2-2: Foul Ball, location: 2F
2-2: Foul Ball, location: 2F
2-2: Ball
3-2: SINGLE (Groundball, 4D, EV 95.0 MPH)
Starlin Castro to third
Salvador Perez to second
Starlin Castro scores
Salvador Perez to third
Batting: SHB Ehire Adrianza 0-0: Called Strike
0-1: Called Strike
0-2: Fly out, F8 (Line Drive, 8RM, EV 101.9 MPH)
Top of the 7th over - 3 runs, 4 hits, 0 errors, 2 left on base; New York 5 - Colorado 1
BOTTOM OF THE 7TH
Colorado Rockies batting - Pitching for New York Mets : RHP Josh Fields
Pitching: RHP Justin Anderson
Batting: RHB Anthony Alford 0-0: Called Strike
0-1: Swinging Strike
0-2: Foul Ball, location: 2F
0-2: Foul Ball, location: 2F
0-2: Ball
1-2: Strikes out looking
Batting: SHB Victor Reyes 0-0: Ball
1-0: Ball
2-0: SINGLE (Groundball, 56D, EV 98.1 MPH)
Batting: RHB Marty Herum 0-0: Ball
1-0: Called Strike
1-1: Called Strike
1-2: Strikes out looking
Batting: LHB Tommy La Stella 0-0: Ball
Victor Reyes steals 2nd base
1-0: Foul Ball, location: 2F
1-1: Ground out U3 (Groundball, 3L, EV 85.6 MPH)
Bottom of the 7th over - 0 runs, 1 hit, 0 errors, 1 left on base; New York 5 - Colorado 1
TOP OF THE 8TH
New York Mets batting - Pitching for Colorado Rockies : RHP Rafael De Paula
Pinch Hitting: RHB Ramon Laureano 0-0: Fly out, F8 (Line Drive, 8LD, EV 93.8 MPH)
Batting: SHB Ian Happ 0-0: Ball
1-0: Foul Ball, location: 2F
1-1: Ball
2-1: Foul Ball, location: 2F
2-2: Foul Ball, location: 2F
2-2: Ball
3-2: SINGLE (Line Drive, 7S, EV 106.3 MPH)
Batting: LHB Eddie Rosario 0-0: Ball
1-0: Ball
2-0: Called Strike
2-1: Ball
3-1: Base on Balls
Ian Happ to second
Batting: LHB Scott Schebler 0-0: Ball
1-0: Swinging Strike
1-1: Hit by Pitch
Ian Happ to third
Eddie Rosario to second
Batting: LHB Mike Moustakas 0-0: Called Strike
0-1: Ball
1-1: DOUBLE (Flyball, 8LXD, EV 87.5 MPH)
Ian Happ scores
Eddie Rosario scores
Scott Schebler to third
Pitching: RHP Patrick Mazeika
Batting: RHB Starlin Castro 0-0: Called Strike
0-1: DOUBLE (Line Drive, 8RXD, EV 105.0 MPH)
Scott Schebler scores
Mike Moustakas scores
Batting: RHB Salvador Perez 0-0: Ball
1-0: SINGLE (Groundball, 6MD, EV 103.8 MPH)
Starlin Castro to third
Pinch Hitting: SHB Andrew Knapp 0-0: Ball
1-0: Fly out, F7 (Flyball, 78M, EV 86.9 MPH)
Throwing error, E7
Starlin Castro scores
Salvador Perez to second
Batting: SHB Ehire Adrianza Balk!
Salvador Perez to third
0-0: Ground out 6-3 (Groundball, 6, EV 81.3 MPH)
Top of the 8th over - 5 runs, 4 hits, 1 error, 1 left on base; New York 10 - Colorado 1
BOTTOM OF THE 8TH
Colorado Rockies batting - Pitching for New York Mets : RHP Justin Anderson
Pitching: RHP Tanner Rainey
Now at 1B: Andrew Knapp
Batting: RHB Sean Rodriguez 0-0: Foul Ball, location: 2F
0-1: Called Strike
0-2: Ball
1-2: Ball
2-2: Foul Ball, location: 2F
2-2: Fly out, F8 (Flyball, 8RS, EV 75.0 MPH)
Batting: RHB JaCoby Jones 0-0: Ball
1-0: Ball
2-0: Ball
3-0: Called Strike
3-1: Foul Ball, location: 2F
3-2: Strikes out swinging
Batting: SHB Luis Sardinas 0-0: Ball
1-0: Ball
2-0: Ball
3-0: Called Strike
3-1: SINGLE (Line Drive, 9LS, EV 100.0 MPH)
Batting: LHB Nick Ciuffo 0-0: Called Strike
0-1: Called Strike
0-2: Strikes out swinging, 2-3 out at first.
Bottom of the 8th over - 0 runs, 1 hit, 0 errors, 1 left on base; New York 10 - Colorado 1
TOP OF THE 9TH
New York Mets batting - Pitching for Colorado Rockies : RHP Patrick Mazeika
Pinch Hitting: LHB Gerardo Parra 0-0: Called Strike
0-1: Ball
1-1: Foul Ball, location: 2F
1-2: Ball
2-2: Fly out, F8 (Line Drive, 8LD, EV 111.9 MPH)
Batting: SHB Ian Happ 0-0: Ball
1-0: Ball
2-0: Foul Ball, location: 2F
2-1: Ball
3-1: Ground out 6-3 (Groundball, 6, EV 91.3 MPH)
Batting: LHB Eddie Rosario 0-0: Ball
1-0: Ball
2-0: Fly out, F6 (Popup, 6M, EV 60.6 MPH)
Top of the 9th over - 0 runs, 0 hits, 0 errors, 0 left on base; New York 10 - Colorado 1
BOTTOM OF THE 9TH
Colorado Rockies batting - Pitching for New York Mets : RHP Tanner Rainey
Pitching: RHP Steve Cishek
Batting: LHB Patrick Mazeika 0-0: Fly out, F2 (Popup, 2LF, EV 81.9 MPH)
Batting: RHB Anthony Alford 0-0: Called Strike
0-1: Ball
1-1: Called Strike
1-2: Strikes out looking
Batting: SHB Victor Reyes 0-0: Ball
1-0: Fly out, F5 (Popup, 5S, EV 87.5 MPH)
Bottom of the 9th over - 0 runs, 0 hits, 0 errors, 0 left on base; New York 10 - Colorado 1
Sunday, December 22nd, 2019 - OOTP Baseball 20.8 Build 73